 Dungeon Crawl Stone Soup version 0.27.1 (webtiles) character file.

Game seed: 12447157481639818677

247 a11behringer the Bolt Thrower (level 5, -1/45 HPs)
             Began as a Minotaur Hunter on Aug 25, 2021.
             Slain by an orc warrior (15 damage)
             ... on level 4 of the Dungeon.
             The game lasted 00:18:15 (2961 turns).

a11behringer the Bolt Thrower (Minotaur Hunter)     Turns: 2961, Time: 00:18:16

Health: -1/45      AC: 11    Str: 18    XL:     5   Next: 85%
Magic:  4/4        EV:  3    Int:  8    God:
Gold:   37         SH: 12    Dex: 10    Spells: 4/4 levels left

rFire    . . .     SeeInvis .   h - +1 short sword (flame)
rCold    . . .     Faith    .   q - +0 tower shield
rNeg     . . .     Spirit   .   e - +0 chain mail
rPois    .         Reflect  .   (helmet restricted)
rElec    .         Harm     .   (no cloak)
rCorr    .         Rampage  .   l - +0 pair of gloves
Will     .....                  p - +0 pair of boots
Stlth    ..........             (no amulet)
HPRegen  0.15/turn              (no ring)
MPRegen  0.09/turn              (no ring)

@: hasted, very quick
A: horns 2, retaliatory headbutt
a: no special abilities


You were on level 4 of the Dungeon.
You visited 1 branch of the dungeon, and saw 4 of its levels.

You collected 163 gold pieces.
You spent 126 gold pieces at shops.

Inventory:

Hand Weapons
 a - a +1 hand crossbow
 b - a +0 short sword
 h - a +1 short sword of flaming (weapon)
Missiles
 d - 38 bolts
Armour
 c - a +0 leather armour
 e - a +0 chain mail (worn)
 l - a +0 pair of gloves (worn)
 p - a +0 pair of boots (worn)
 q - a +0 tower shield (worn)
Scrolls
 j - a scroll of fog
 n - 3 scrolls of teleportation
 o - a scroll of magic mapping {unknown}
 r - a scroll of amnesia {unknown}
 s - a scroll of noise {unknown}
Potions
 f - 2 potions of curing
 i - a potion of invisibility {unknown}
 k - 2 potions of lignification
 m - a potion of heal wounds {unknown}


   Skills:
 - Level 3.1 Fighting
 * Level 3.8 Short Blades
 - Level 5.0 Crossbows
 + Level 2.7 Armour
 - Level 2.4 Dodging
 - Level 0.7 Stealth
 * Level 2.3 Shields


You had 4 spell levels left.
You didn't know any spells.
Your spell library contained the following spells:

 Spells                   Type           Power      Damage    Failure   Level
 Beastly Appendage        Tmut           0%         N/A       100%        1
 Wereblood                Tmut           0%         N/A       100%        2
 Spider Form              Tmut/Pois      0%         N/A       100%        3


Dungeon Overview and Level Annotations

Branches:
Dungeon (4/15)
 Temple: D:4-7

Altars:
Uskayaw

Shops:
D:2 [   D:4 *


Innate Abilities, Weirdness & Mutations

You have a pair of horns on your head.
You reflexively headbutt those who attack you in melee.


Message History

You miss the phantom. Your headbutt misses the phantom.
The phantom is almost destroyed.
You block the phantom's attack.
The phantom hits you but does no damage.
You barely miss the phantom.
The phantom is almost destroyed.
The phantom hits you but does no damage.
You closely miss the phantom. You headbutt the phantom.
You destroy the phantom!
Your Shields skill increases to level 2!
An orc and an orc warrior come into view.
The orc warrior shouts!
The orc shouts!
An orc wizard comes into view. It is wielding a +0 dagger.
The orc wizard shouts!
You hear a shout!
An orc wizard comes into view. It is wielding a +0 dagger.
The orc wizard casts a spell.
The orc wizard flickers and vanishes!
Deactivating autopickup; reactivate with Ctrl-A.
You hear the slow hiss of an avalanche of sand very nearby.
The orc wizard gestures wildly while chanting.
The orc wizard flickers and vanishes!
You block the orc's attack. The orc warrior barely misses you.
You block the orc's attack.
You feel yourself speed up.
The orc warrior hits you from afar with a +0 halberd!
You block the orc's attack.
You hit the orc. You burn the orc. You headbutt the orc.
The orc is almost dead.
You block the orc warrior's attack.
You hit the orc. You burn the orc.
You kill the orc!
You block the orc warrior's attack.
Things that are here:
a +0 dagger; a +0 ring mail; an orc corpse The orc warrior hits you with a +0 halberd!
Your chain mail prevents you from hitting the orc warrior.
You block the orc warrior's attack.
You hit the orc warrior but do no damage.
The orc warrior hits you with a +0 halberd!
You die...

#..... ### .....
..# ..o.# #.# ...##
#.# ....# #.# #o..#
#)### #...# #@o{#
#...#
###.#######...####
#.##............
###...............
#.................
##.......###...####
#.....#..# #...#
#....#.#..# #...#
##########.......#
#...#


You could see an orc warrior.

Vanquished Creatures
  A phantom (D:4)
  A hound (D:4)
  6 adders
  An ufetubus (D:2)
  3 worms (D:2)
  A dart slug (D:1)
  3 orcs
  5 ball pythons
  7 endoplasms
  5 giant cockroaches
  5 goblins
  6 hobgoblins
  6 quokkas
  3 bats (D:1)
  4 frilled lizards
  7 kobolds
  7 rats
71 creatures vanquished.

Vanquished Creatures (others)
  2 plants (D:3)
2 creatures vanquished.

Grand Total: 73 creatures vanquished

Notes
Turn   | Place    | Note
-------+----------+-------------------------------------------
     0 | D:1      | a11behringer the Minotaur Hunter began the quest for the
                  | Orb.
     0 | D:1      | Reached XP level 1. HP: 18/18 MP: 0/0
   249 | D:1      | Reached XP level 2. HP: 25/25 MP: 1/1
   270 | D:1      | Reached skill level 5 in Crossbows
   847 | D:2      | Reached skill level 1 in Short Blades
   847 | D:2      | Reached XP level 3. HP: 30/30 MP: 2/2
   884 | D:2      | Reached skill level 1 in Armour
  1212 | D:2      | Found a faded altar of an unknown god.
  1566 | D:2      | Reached XP level 4. HP: 35/38 MP: 3/3
  1574 | D:2      | Found Eshroc's Armour Boutique.
  1652 | D:2      | Bought a +0 chain mail for 63 gold pieces
  1652 | D:2      | Bought a +0 tower shield for 63 gold pieces
  2291 | D:3      | Found a hide-covered altar of Uskayaw.
  2332 | D:3      | Reached XP level 5. HP: 43/45 MP: 4/4
  2850 | D:4      | Found Futaribb's General Store.
  2879 | D:4      | Reached skill level 1 in Shields
  2916 | D:4      | Noticed a phantom
  2932 | D:4      | Killed a phantom
  2936 | D:4      | Noticed an orc warrior
  2961 | D:4      | Slain by an orc warrior

Illustrated notes

Levels and vault maps discovered:
D:1:      dpeg_arrival_erosion, layout_loops_ring,
          hangedman_decor_diamond_cutter, minmay_pentomino_q2
D:2:      layout_basic, shapermc_ecumenical_altar_mp_vishouse, serial_shops,
          shop, minmay_randomly_rotated_circles
D:3:      layout_loops_ring, lemuel_crystal_altar, serial_forest,
          infiniplex_forest_straight_3, infiniplex_forest_end_2,
          infiniplex_forest_end_2, infiniplex_forest_straight_2,
          infiniplex_forest_clump_double, infiniplex_forest_clump_large,
          infiniplex_forest_clump_tiny, infiniplex_forest_lined_room_3,
          infiniplex_forest_end_2, corexii_item_surrounded_by_moat,
          hangedman_decor_slide_cut, chequers_serial_rivers_large_a,
          minmay_misc_feat_cross
D:4:      layout_loops_cross, mainiacjoe_overflow_alcove_2, serial_shops,
          nicolae_square_shop, nicolae_ossuary_entry_catacombs,
          hangedman_decor_push, kennysheep_big_empty_room

Skill      XL: |  1  2  3  4  5 |
---------------+----------------+-----
Crossbows      | 5 |  5.0
Short Blades   | 1 2 3 |  3.8
Armour         | 1 2 |  2.7
Fighting       | 3 |  3.1
Shields        | 2 |  2.3
Dodging        | |  2.4
Stealth        | |  0.7

Action                   |  1- 3 |  4- 6 || total
-------------------------+-------+-------++-------
Melee: Short sword       |    81 |    88 ||   169
       Headbutt          |     7 |    16 ||    23
 Fire: Hand crossbow     |    14 |     2 ||    16
  Use: Scroll            |     3 |     3 ||     6
       Potion            |       |     1 ||     1
Armor: Leather armour    |    20 |       ||    20
       Chain mail        |       |    38 ||    38
Dodge: Dodged            |    44 |     7 ||    51
Block: Tower shield      |       |    58 ||    58
